AoeStats
← carlos.pilinco.2017

Arena

510216276Analyzed
3v3 RM · 4d ago on Sep 30, 2026· 43m 29s· 6 players
Game mode
Random Map
Map size
Normal (6 player)
Population
200
Speed
Normal
Resources
Standard
Victory
Conquest
Starting age
Dark Age
Ending age
Imperial Age
RankedLock teamsTeams togetherTeam positionsShared explorationLock speedFull tech treeHidden civsTurbo modeCheats
Victory
Defeat
🇨🇳 Portuguese · China
411
+15
🇬🇧 Khmer · United Kingdom
408
+15
🇬🇧 Spanish · United Kingdom
386
+16
🇧🇴 Inca · Bolivia
402
-16
🇦🇷 Gurjaras · Argentina
397
-16
🇺🇸 Varangians · United States
364
-14
hbizzy
1:02 Loom
11:25 Feudal Age
13:22 Wheelbarrow
12:37 Town Watch
12:41 Double-Bit Axe
12:45 Horse Collar
22:15 Castle Age
22:00 Forging
21:57 Scale Mail Armor
21:48 Fletching
22:02 Padded Archer Armor
23:01 Stone Mining
23:48 Squires
23:37 Gambesons
25:03 Bow Saw
25:35 Bodkin Arrow
27:32 Heavy Plow
27:11 Elite Skirmisher
29:09 Town Patrol
29:34 Murder Holes
30:29 Leather Archer Armor
30:38 Treadmill Crane
31:25 Ballistics
31:32 Gold Mining
31:54 Pikeman
36:31 Hand Cart
38:16 Iron Casting
37:59 Chain Mail Armor
wfcwilly
5:50 Loom
12:37 Feudal Age
14:43 Wheelbarrow
16:31 Horse Collar
16:37 Double-Bit Axe
18:23 Gold Mining
19:32 Stone Mining
24:01 Castle Age
24:55 Bow Saw
24:46 Heavy Plow
25:23 Gold Shaft Mining
25:23 Stone Shaft Mining
25:13 Hand Cart
33:09 Imperial Age
34:32 Scale Mail Armor
34:33 Padded Archer Armor
34:24 Fletching
34:45 Forging
35:34 Thumb Ring
34:49 Crossbowman
35:31 Elite Kamayuk
36:28 Fabric Shields
36:51 Leather Archer Armor
36:52 Chain Mail Armor
36:53 Bodkin Arrow
carlos.pilinco.2017
10:40 Feudal Age
11:07 Horse Collar
11:15 Double-Bit Axe
11:23 Gold Mining
12:59 Wheelbarrow
20:56 Castle Age
22:17 Stone Mining
23:04 Gold Shaft Mining
22:32 Heavy Plow
22:49 Bow Saw
26:11 Caravan
26:15 Padded Archer Armor
26:05 Fletching
27:31 Stone Shaft Mining
29:04 Hand Cart
kevlarpukks
11:30 Feudal Age
14:26 Horse Collar
15:05 Double-Bit Axe
19:16 Castle Age
19:26 Gold Mining
19:26 Stone Mining
24:16 Loom
26:12 Wheelbarrow
25:28 Town Watch
30:47 Bloodlines
30:38 Husbandry
31:56 Heavy Plow
32:28 Ballistics
32:21 Masonry
34:56 Tusk Swords
35:48 Hand Cart
35:44 Town Patrol
36:01 Scale Barding Armor
36:09 Forging
38:55 Iron Casting
45:27 Imperial Age
全力释放
3:29 Loom
10:29 Feudal Age
16:45 Castle Age
18:29 Double-Bit Axe
18:26 Horse Collar
18:52 Town Watch
20:49 Bow Saw
22:54 Circumnavigation
25:28 Wheelbarrow
27:50 Fervor
28:34 Fletching
28:44 Padded Archer Armor
28:30 Treadmill Crane
30:04 Caravan
32:45 Bodkin Arrow
37:46 Leather Archer Armor
37:36 Heavy Plow
38:46 Ballistics
38:23 Murder Holes
39:02 Coinage
39:44 Hand Cart
44:51 Imperial Age
43:58 Town Patrol
Lieutenant Columbo
11:36 Feudal Age
9:52 Loom
13:44 Wheelbarrow
14:04 Double-Bit Axe
14:32 Town Watch
21:58 Castle Age
23:16 Hand Cart
31:26 Bow Saw
36:34 Bloodlines
36:40 Gold Mining
37:01 Stone Mining
37:30 Scale Barding Armor
37:38 Forging
38:25 Stone Shaft Mining
42:53 Ballistics
Connection lost

Rejoining the realm…

Still unreachable

The connection could not be restored.

Session expired

The server has moved on; the page needs a fresh start.